 Dungeon Crawl Stone Soup version 0.30-a0-137-gd8773701ce (webtiles) character file.

Game seed: 6216264713327860519

1105 tromp the Covert (level 8, -12/47 HPs)
             Began as a Kobold Brigand on Sept 21, 2022.
             Was a Follower of Wu Jian.
             Mangled by a yak (13 damage)
             ... on level 5 of the Dungeon.
             The game lasted 01:02:09 (6414 turns).

tromp the Covert (Kobold Brigand)                   Turns: 6414, Time: 01:02:09

Health: -12/47     AC:  3    Str:  8      XL:     8   Next: 58%
Magic:  2/8        EV: 16    Int: 13 (16) God:    Wu Jian [*.....]
Gold:   348        SH:  0    Dex: 23      Spells: 7/7 levels left

rFire   . . .      SeeInvis .    q - +5 short sword
rCold   . . .      Faith    +    (no shield)
rNeg    . . .      Spirit   .    b - +0 robe
rPois   +          Reflect  .    (no helmet)
rElec   .          Harm     .    c - +0 cloak
rCorr   .          Rampage  .    (no gloves)
Will    .....      Clarity  +    (no boots)
Stlth   ++++++....               t - amulet of faith
HPRegen 0.15/turn                m - ring of poison resistance
MPRegen 0.11/turn                n - +6 ring of dexterity

@: unable to read
A: small, no large weapons, nightstalker 3, clarity, clever 1, poison
resistance, inability to read after injury 1, MP-powered wands
a: Renounce Religion


You were on level 5 of the Dungeon.
You worshipped Wu Jian.
Wu Jian was aware of your devotion.
You visited 1 branch of the dungeon, and saw 6 of its levels.

You collected 348 gold pieces.

Inventory:

Hand Weapons
 a - a +2 dagger
 g - a +2 vorpal spear
 q - a +5 short sword (weapon)
 u - a +0 dagger of venom
 v - a +0 shortbow
Missiles
 d - 5 poisoned darts
 e - 3 curare-tipped darts (quivered)
Armour
 b - a +0 robe (worn)
 c - a +0 cloak (worn)
 w - a +0 leather armour
Jewellery
 m - a ring of poison resistance (left hand)
 n - a +6 ring of dexterity (right hand)
 t - an amulet of faith (around neck)
Scrolls
 j - a scroll of summoning
 o - a scroll of fog
Potions
 h - a potion of heal wounds
 k - a potion of might {unknown}
 l - 3 potions of curing
 p - a potion of brilliance
 r - a potion of magic {unknown}
 s - a potion of haste {unknown}


   Skills:
 + Level 3.6 Fighting
 + Level 6.0 Short Blades
 + Level 1.6 Polearms
 + Level 5.1 Throwing
 + Level 3.1 Dodging
 + Level 9.8 Stealth
 + Level 1.2 Evocations


You had 7 spell levels left.
You didn't know any spells.
Your spell library was empty.

Dungeon Overview and Level Annotations

Branches:
Dungeon (6/15)
 Temple: D:4-7

Altars:
Wu Jian


Innate Abilities, Weirdness & Mutations

You are small and have problems with some larger weapons.
You are completely attuned to the shadows.
You possess an exceptional clarity of mind.
Your mind is acute. (Int +4, Str/Dex -1)
Your system is resistant to poisons. (rPois)
You occasionally lose the ability to read scrolls when taking damage.
You expend magic power (3 MP) to strengthen your wands.


Message History

You kill the howler monkey!
The Council accepts your kill.
You hit the yak.
The yak is moderately wounded.
You hit the yak.
The yak is moderately wounded.
The yak gores you.
You hit the yak.
The yak is heavily wounded.
The yak completely misses you. The yak barely misses you.
You hit the yak.
The yak is heavily wounded.
You closely miss the yak.
The yak is heavily wounded.
The yak gores you. The yak barely misses you.
You hit the yak.
The yak is heavily wounded.
The yak completely misses you. The yak gores you!
You feel threatened and lose the ability to read scrolls!
You cannot read scrolls in your current state!
You puncture the yak!
The yak is severely wounded.
The yak barely misses you. The yak closely misses you.
You hit the yak.
The yak is severely wounded.
You barely miss the yak.
The yak is severely wounded.
The yak gores you but does no damage. The yak gores you!
* * * LOW HITPOINT WARNING * * *
You hit the yak.
The yak is severely wounded.
The yak closely misses you. The yak gores you.
* * * LOW HITPOINT WARNING * * *
You cannot read scrolls in your current state!
You hit the yak but do no damage.
The yak is severely wounded.
You hit the yak.
The yak is almost dead.
The yak gores you!
You die...

#.# ##.## #### #.#
#.######## #.#
##.#.......
#.########.#..#####.
#.##......###.####.#
#.##>#####.#.#....##
#.##†# ##.##.###.#
##.##Y# #....# ##.
#...@Y# ###..# ##
#^.#### #..# # #..##
####..# # #...#
#.....# # #.#.#
#.###.## # #.#.#
#.##...## #
#.#.#######.#..#..###
#...........).###....
###.#######.#..#..###


You could see 2 yaks.

Vanquished Creatures
  A yak (D:6)
  2 black bears (D:5)
  2 ice beasts
  A centaur (D:5)
  A phantom (D:4)
  A bullfrog (D:4)
  A howler monkey (D:5)
  4 iguanas
  A jelly (D:5)
  An orc wizard (D:4)
  10 adders
  5 worms
  4 dart slugs
  9 orcs
  4 ball pythons
  5 endoplasms
  3 giant cockroaches
  5 goblins
  6 hobgoblins
  3 jackals (D:5)
  A quokka (D:1)
  6 bats
  2 frilled lizards
  8 kobolds
  6 rats
92 creatures vanquished.

Vanquished Creatures (collateral kills)
  3 orcs (D:5)
3 creatures vanquished.

Grand Total: 95 creatures vanquished

Notes
Turn   | Place    | Note
-------+----------+-------------------------------------------
     0 | D:1      | tromp the Kobold Brigand began the quest for the Orb.
     0 | D:1      | Reached XP level 1. HP: 12/12 MP: 1/1
   441 | D:1      | Reached XP level 2. HP: 17/17 MP: 2/2
   804 | D:1      | Reached skill level 6 in Stealth
   989 | D:1      | Reached XP level 3. HP: 16/22 MP: 3/3
  1716 | D:2      | Reached XP level 4. HP: 25/27 MP: 4/4
  1863 | D:2      | Reached skill level 1 in Polearms
  2128 | D:2      | Reached XP level 5. HP: 30/31 MP: 5/5
  3595 | D:3      | Found an ornate altar of the Wu Jian Council.
  3599 | D:3      | Became a worshipper of the Wu Jian Council
  3857 | D:5      | Entered Level 5 of the Dungeon
  3914 | D:4      | Noticed a bullfrog
  3937 | D:4      | Reached XP level 6. HP: 27/36 MP: 6/6
  4120 | D:4      | Reached skill level 7 in Stealth
  4140 | D:4      | Gained mutation: You have hidden genetic potential. [potion
                  | of mutation]
  4140 | D:4      | Gained mutation: You occasionally lose the ability to read
                  | scrolls when taking damage. [potion of mutation]
  4140 | D:4      | Gained mutation: Your system is resistant to poisons.
                  | (rPois) [potion of mutation]
  4140 | D:4      | Gained mutation: You possess an exceptional clarity of
                  | mind. [potion of mutation]
  4406 | D:4      | Noticed an ice beast
  4409 | D:4      | Killed an ice beast
  4410 | D:4      | Reached XP level 7. HP: 41/41 MP: 7/7
  5064 | D:5      | Gained mutation: Your mind is acute. (Int +4, Str/Dex -1)
                  | [hidden potential]
  5367 | D:5      | Reached skill level 5 in Short Blades
  5367 | D:5      | Reached skill level 8 in Stealth
  5636 | D:5      | Reached * piety under Wu Jian
  5671 | D:5      | Reached skill level 5 in Throwing
  5671 | D:5      | Reached XP level 8. HP: 46/46 MP: 8/8
  5684 | D:5      | Gained mutation: You expend magic power (3 MP) to
                  | strengthen your wands. [hidden potential]
  5684 | D:5      | Lost mutation: You have hidden genetic potential. [hidden
                  | potential expressed]
  5885 | D:5      | Reached skill level 9 in Stealth
  5971 | D:6      | Noticed a yak
  5971 | D:6      | Noticed a yak
  5972 | D:6      | Noticed a yak
  6385 | D:6      | Noticed a yak
  6389 | D:6      | Killed a yak
  6390 | D:6      | Reached skill level 1 in Evocations
  6412 | D:5      | HP: 1/47 [yak (6)]
  6414 | D:5      | Mangled by a yak

Illustrated notes

Levels and vault maps discovered:
D:1:      pf_arrival_petrified_forest, layout_basic
D:2:      layout_loops_corners, minmay_hexomino_c4
D:3:      layout_loops_cross, mainiacjoe_overflow_alcove_4
D:4:      layout_cave_pools
D:5:      layout_loops_ring
D:6:      kennysheep_windowed_halls, layout_gridville

Skill      XL: |  1  2  3  4  5  6  7  8 |
---------------+-------------------------+-----
Stealth        | 6 7 8 9 |  9.8
Throwing       | 3 4 5 |  5.1
Polearms       | 1 |  1.6
Short Blades   | 3 4 5 6 |  6.0
Dodging        | 2 3 |  3.1
Fighting       | 3 |  3.6
Evocations     | 1 |  1.2

Action                   |  1- 3 |  4- 6 |  7- 9 || total
-------------------------+-------+-------+-------++-------
Melee: Spear             |    46 |    35 |       ||    81
       Short sword       |       |    63 |    76 ||   139
       Punch             |       |     1 |       ||     1
Throw: Dart              |    49 |    30 |     5 ||    84
Invok: Lunge             |       |     5 |    11 ||    16
Evoke: Wand              |       |       |     9 ||     9
  Use: Scroll            |     2 |     9 |     3 ||    14
       Potion            |     1 |     5 |     2 ||     8
 Stab: Sleeping          |     1 |    14 |     5 ||    20
       Paralysed         |       |       |     4 ||     4
       Distracted        |       |       |     1 ||     1
Armor: Robe              |     8 |     9 |     8 ||    25
Dodge: Dodged            |    26 |    48 |    48 ||   122

Table legend: (Time is in decaauts)
 A = Elapsed time spent in this place.
 B = Non-inter-level travel time spent in this place.
 C = Inter-level travel time spent in this place.
 D = Time resting spent in this place.
 E = Time spent auto-exploring this place.
 F = Levels seen in this place.
 G = Mean time per level.
                   A        B        C        D        E       F      G
               +--------+--------+--------+--------+--------+-----+--------+
         Total |   6397 |   6397 |      0 |   1716 |   1643 |   6 | 1066.2 |
       Dungeon |   6397 |   6397 |      0 |   1716 |   1643 |   6 | 1066.2 |
               +--------+--------+--------+--------+--------+-----+--------+

Top non-repeatable levels by time:
     D:2: 1650 daAuts
     D:5: 1206 daAuts
     D:1: 1192 daAuts
     D:4: 1127 daAuts
     D:3: 977 daAuts
     D:6: 242 daAuts
